 Dungeon Crawl Stone Soup version 0.24-a0-180-g654ca03 (webtiles) character file.

Game seed: 14001595252466432081

30 CloudKeeper the Skirmisher (level 3, -3/29 HPs)
             Began as a Formicid Abyssal Knight on Mar 13, 2019.
             Was a Follower of Lugonu.
             Slain by Sigmund
             ... wielding a +0 scythe
              (10 damage)
             ... on level 2 of the Dungeon.
             The game lasted 00:02:09 (1013 turns).

CloudKeeper the Skirmisher (FoAK)                   Turns: 1013, Time: 00:02:09

Health: -3/29      AC:  2    Str: 17    XL:     3   Next: 37%
Magic:  4/4        EV: 11    Int: 11    God:    Lugonu [*.....]
Gold:   46         SH:  3    Dex: 10    Spells: 2/2 levels left

rFire    . . .     SeeInvis +   a - +1 hand axe
rCold    . . .     Gourm    .   d - +0 buckler
rNeg     . . .     Faith    .   b - +0 leather armour
rPois    .         Spirit   .   (helmet unavailable)
rElec    .         Reflect  .   (no cloak)
rCorr    .         Harm     .   (no gloves)
MR       .....                  h - -2 pair of boots (curse)
Stlth    +.........             (no amulet)
HPRegen  0.09/turn              (no ring)
MPRegen  0.09/turn              (no ring)

@: no status effects
A: permanent stasis, dig shafts and tunnels, four strong arms, antennae 3
a: Dig, Shaft Self, Depart the Abyss, Renounce Religion


You were on level 2 of the Dungeon.
You worshipped Lugonu.
Lugonu was aware of your devotion.
You were not hungry.

You visited 1 branch of the dungeon, and saw 2 of its levels.
You visited the Abyss 1 time.

You collected 46 gold pieces.

Inventory:

Hand Weapons
 a - a +1 hand axe (weapon)
Armour
 b - a +0 leather armour (worn)
 d - a +0 buckler (worn)
 h - a cursed -2 pair of boots (worn)
Scrolls
 e - a scroll of remove curse {unknown}
 f - 2 scrolls of teleportation {unknown}
Potions
 g - a potion of degeneration {unknown}
 i - 2 potions of curing {unknown}
Comestibles
 c - a ration


   Skills:
 + Level 3.6 Fighting
 + Level 2.2 Axes
 + Level 3.0 Armour
 + Level 1.0 Dodging
 + Level 0.9 Shields
 + Level 2.3 Invocations


You had 2 spell levels left.
You didn't know any spells.
Your spell library was empty.

Dungeon Overview and Level Annotations

Branches:
Dungeon (2/15)

Altars:

Annotations:
D:2 Sigmund


Innate Abilities, Weirdness & Mutations

You cannot be hasted, slowed, berserked, paralysed or teleported.
You can dig through walls and to a lower floor.
Your four strong arms can wield two-handed weapons with a shield.
You have a pair of large antennae on your head. (SInv)


Message History

You hit Sigmund.
Sigmund is moderately wounded.
A rat comes into view.
Sigmund hits you but does no damage.
You hit Sigmund.
Sigmund is moderately wounded.
Sigmund closely misses you.
You closely miss Sigmund.
Sigmund is moderately wounded.
Sigmund hits you with a +0 scythe!
* * * LOW HITPOINT WARNING * * *
You hit Sigmund but do no damage.
Sigmund is moderately wounded.
You hit Sigmund.
Sigmund is heavily wounded.
Sigmund closely misses you.
You closely miss Sigmund.
Sigmund is heavily wounded.
Sigmund hits you with a +0 scythe!
You die... ############### #...r@@......<# #.############# {

You could see Sigmund (invisible) and a rat.

Vanquished Creatures
  A gnoll (D:1)
  2 leopard geckos (D:1)
  A giant cockroach (D:1)
  2 goblins (D:1)
  4 hobgoblins (D:1)
  A kobold (D:1)
  A bat (D:1)
  4 frilled lizards (D:1)
  2 rats (D:1)
18 creatures vanquished.

Notes
Turn   | Place    | Note
-------+----------+-------------------------------------------
     0 | Abyss:1  | CloudKeeper the Formicid Abyssal Knight began the quest for
                  | the Orb.
     0 | Abyss:1  | Reached XP level 1. HP: 18/18 MP: 2/2
   122 | Abyss:1  | Noticed a starcursed mass
   162 | D:1      | Escaped the Abyss
   342 | D:1      | Reached * piety under Lugonu
   371 | D:1      | Reached XP level 2. HP: 12/24 MP: 3/3
   525 | D:1      | Reached skill level 1 in Dodging
   569 | D:1      | Reached XP level 3. HP: 28/29 MP: 4/4
   996 | D:2      | Noticed Sigmund
  1013 | D:2      | Slain by Sigmund

Levels and vault maps discovered:
D:1:      dpeg_arrival_simpleton_a, layout_basic
D:2:      layout_basic, lemuel_doored_altar, kennysheep_boxes, uniq_jessica,
          uniq_terence, uniq_natasha, uniq_crazy_yiuf_cottage, uniq_sigmund
Abyss:1:  lemuel_flamethrower_3

Skill      XL: |  1  2 |
---------------+-------+-----
Dodging        | 1 |  1.0
Armour         | 3 |  3.0
Fighting       | |  3.6
Axes           | |  2.2
Shields        | |  0.9
Invocations    | |  2.3

Action                   || total
-------------------------++-------
Melee: Hand axe          ||    69
Invok: Depart the Abyss  ||     1
Armor: Leather armour    ||     3
Dodge: Dodged            ||    34
Block: Buckler           ||    13

Table legend:
 A = Non-vault XP
 B = Vault XP
 C = Vault XP percentage of total XP
 D = Non-vault monster count
 E = Vault monster count
 F = Vault count percentage of total count
                 A         B        C        D         E       F
            +---------+---------+-------+---------+---------+-------
      Total |      44 |       0 |   0.0 |      18 |       0 |   0.0
            +---------+---------+-------+---------+---------+-------
        D:1 |      44 |       0 |   0.0 |      18 |       0 |   0.0
            +---------+---------+-------+---------+---------+-------
